 Dungeon Crawl Stone Soup version 0.20-a0-1122-gb7cbeb9 (webtiles) character file.

331 Alarkh the Insei (level 6, 46/46 HPs)
             Began as a Demonspawn Transmuter on May 13, 2017.
             Got out of the dungeon alive.
             The game lasted 00:02:59 (3351 turns).

Alarkh the Insei (Demonspawn Transmuter)            Turns: 3351, Time: 00:03:00

Health: 46/46      AC:  8    Str:  9 (10) XL:     6   Next: 26%
Magic:  9/9        EV: 13    Int: 14 (16) God:
Gold:   105        SH:  6    Dex: 11 (14) Spells: 3/9 levels left

rFire    + . .     SeeInvis .     - Unarmed
rCold    . . .     Gourm    .   (no shield)
rNeg     . . .     Faith    .   b - +0 robe
rPois    .         Spirit   .   q - +0 helmet
rElec    .         Reflect  .   (no cloak)
rCorr    .         Harm     .   t - +0 pair of gloves {archery}
MR       .....                  (no boots)
Stlth    +.........             (no amulet)
Regen    0.2/turn               f - +4 ring of protection
MPRegen  0.2/turn               n - ring of protection from fire

@: no status effects
A: large bone plates 2, powered by pain 1
a: no special abilities


You escaped.
You were not hungry.

You visited 1 branch of the dungeon, and saw 3 of its levels.

You collected 105 gold pieces.

Inventory:

Missiles
 a - 58 arrows
Armour
 b - a +0 robe (worn)
 g - a +0 pair of gloves
 q - a +0 helmet (worn)
 t - a +0 pair of gloves of archery (worn)
Jewellery
 f - a +4 ring of protection (left hand)
 n - a ring of protection from fire (right hand)
Wands
 u - a wand of iceblast (8/15)
Scrolls
 e - a scroll of fog {unknown}
 h - a scroll of random uselessness {unknown}
 i - a scroll of teleportation {unknown}
 j - a scroll of remove curse {unknown}
 l - a scroll of amnesia {unknown}
 o - a scroll of immolation {unknown}
 r - a scroll of recharging {unknown}
Potions
 k - a potion of curing
 s - a potion of resistance
Books
 c - a book of Changes

   Spells                             Type                      Level
   a - Beastly Appendage              Transmutation                1
   b - Sticks to Snakes               Transmutation                2
   c - Spider Form                    Transmutation/Poison         3
   d - Ice Form                       Ice/Transmutation            4
   e - Blade Hands                    Transmutation                5
Comestibles
 d - a bread ration
 v - a chunk of flesh


   Skills:
 + Level 2.8 Fighting
 + Level 3.5 Dodging
 * Level 5.0 Unarmed Combat
 - Level 2.0 Spellcasting
 - Level 1.7 Transmutations


You had 3 spell levels left.
You knew the following spells:

 Your Spells              Type           Power        Failure   Level  Hunger
a - Beastly Appendage     Tmut           #.....       12%         1    ##.....
b - Sticks to Snakes      Tmut           #.......     17%         2    ###....
c - Spider Form           Tmut/Pois      #.........   45%         3    ####...


Dungeon Overview and Level Annotations

Branches:
Dungeon (3/15)

Altars:
Qazlal
Wu Jian


Innate Abilities, Weirdness & Mutations

You are mostly covered in large bone plates. (SH +6)
You sometimes gain a little power by taking damage.


Message History

You hit the hobgoblin.
The hobgoblin is almost dead.
The hobgoblin completely misses you.
You punch the hobgoblin!
You kill the hobgoblin!
No target in view!
No target in view!
No target in view!
No target in view!
No target in view!
No target in view!
No target in view!
No target in view!
No target in view!
Things that are here:
5 stones; a club
There is an open gate, spattered with blood here.
There is a staircase leading out of the dungeon here.
Are you sure you want to leave the Dungeon?
This will make you lose the game!
You have escaped!

##)...............########.####.#
......############# #.####.#
#####.# ###..#########....... #
#.# ###....#......#######.#
#####.# ###......#.####.#.......#
......###........#.##......######
.######......##..#..#...#..######
..('.......####..##.#####..#.....
...'.....### #.@##.#....[.#.....
.#.'.......####..##.#.####.#.....
.######......##..##.#......#.....
.#....###........#..#..#####.....
.#......###......#.##............
.###......###....#.....####.#####
.####.#.#.# ###..####### #รท#
......#...########.....# #.#
..#..............#.###.# #.#####


There were no monsters in sight!

Vanquished Creatures
  An ice beast (D:2)
  A hound (D:3)
  2 orc priests (D:3)
  Jessica (D:2)
  Terence (D:2)
  2 adders (D:2)
  2 worms (D:2)
  A dart slug (D:2)
  A leopard gecko (D:1)
  6 orcs (D:3)
  A ball python (D:2)
  8 bats
  3 giant cockroaches
  12 goblins
  8 hobgoblins
  3 jackals (D:1)
  7 kobolds
  A quokka (D:3)
  2 frilled lizards (D:1)
  6 rats
69 creatures vanquished.

Notes
Turn   | Place    | Note
-------+----------+-------------------------------------------
     0 | D:1      | Alarkh the Demonspawn Transmuter began the quest for the Orb.
     0 | D:1      | Reached XP level 1. HP: 15/15 MP: 3/3
   621 | D:1      | Reached skill level 3 in Unarmed Combat
   621 | D:1      | Gained mutation: You sometimes gain a little power by taking damage. [demonic ancestry]
   621 | D:1      | Reached XP level 2. HP: 11/21 MP: 3/5
  1093 | D:1      | Learned a level 2 spell: Sticks to Snakes
  1404 | D:1      | Reached XP level 3. HP: 26/26 MP: 6/6
  1574 | D:2      | Noticed Terence
  1699 | D:1      | Learned a level 3 spell: Spider Form
  1707 | D:2      | Killed Terence
  1793 | D:2      | Found a stormy altar of Qazlal.
  1940 | D:2      | Gained mutation: You are partially covered in large bone plates. (SH +4) [demonic ancestry]
  1940 | D:2      | Reached XP level 4. HP: 22/33 MP: 5/7
  2059 | D:2      | Found an ornate altar of the Wu Jian Council.
  2240 | D:2      | Noticed Jessica
  2246 | D:2      | Killed Jessica
  2389 | D:2      | Reached skill level 4 in Unarmed Combat
  2739 | D:2      | Noticed an ice beast
  2757 | D:2      | Killed an ice beast
  2757 | D:2      | Gained mutation: You are mostly covered in large bone plates. (SH +6) [demonic ancestry]
  2757 | D:2      | Reached XP level 5. HP: 39/39 MP: 2/8
  3196 | D:3      | Reached XP level 6. HP: 9/46 MP: 5/9
  3251 | D:3      | Reached skill level 5 in Unarmed Combat
  3351 | D:$      | Got out of the dungeon alive.

Vault maps used:
D:1:      lemuel_arrival_funnel
D:2:      kennysheep_the_goblin_king, lemuel_coloured_pillars_altar,
          minmay_misc_feat_tiny, nicolae_qazlal_general_emergency, uniq_jessica,
          uniq_terence
D:3:      grunt_gozag_breadcrumbs

Skill      XL: |  1  2  3  4  5  6 |
---------------+-------------------+-----
Dodging        | 2 3 |  3.5
Unarmed Combat | 3 4 5 |  5.0
Fighting       | 2 |  2.8
Spellcasting   | |  2.0
Transmutations | |  1.7

Action                   |  1- 3 |  4- 6 || total
-------------------------+-------+-------++-------
Melee: Unarmed           |   174 |   163 ||   337
       Punch             |     2 |     2 ||     4
       Kick              |     3 |     3 ||     6
 Cast: Beastly Appendage |     3 |     1 ||     4
       Spider Form       |     1 |     3 ||     4
  Use: Potion            |       |     4 ||     4
 Stab: Sleeping          |     1 |       ||     1
  Eat: Chunk             |     4 |     5 ||     9
Armor: Robe              |    60 |    52 ||   112
       Skin              |     1 |     4 ||     5
Dodge: Dodged            |   130 |    98 ||   228
Block: Other             |       |    48 ||    48
